 Dungeon Crawl Stone Soup version 0.27-a0-1334-g2746e35aca (webtiles) character file.

Game seed: 6359794351501608759

56 funkygono the Gusty (level 3, -2/19 HPs)
             Began as a Tengu Air Elementalist on June 26, 2021.
             Killed by nerve-wracking pain
             ... invoked by Grinder
              (12 damage)
             ... on level 3 of the Dungeon.
             The game lasted 00:05:25 (2825 turns).

funkygono the Gusty (Tengu Air Elementalist)        Turns: 2825, Time: 00:05:27

Health: -2/19      AC:  2    Str:  8    XL:     3   Next: 95%
Magic:  0/7        EV: 12    Int: 16    God:
Gold:   77         SH:  0    Dex: 14    Spells: 0/6 levels left

rFire    . . .     SeeInvis .   c - +1 whip
rCold    . . .     Faith    .   (no shield)
rNeg     . . .     Spirit   .   a - +0 robe
rPois    .         Reflect  .   (helmet restricted)
rElec    .         Harm     .   (no cloak)
rCorr    .         Rampage  .   (no gloves)
Will     .....                  (boots unavailable)
Stlth    ++........             i - amulet of magic regeneration
HPRegen  0.06/turn              (no ring)
MPRegen  0.35/turn              (no ring)

@: very slightly contaminated
A: beak, talons 3
a: no special abilities


You were on level 3 of the Dungeon.
You visited 1 branch of the dungeon, and saw 3 of its levels.

You collected 77 gold pieces.

Inventory:

Hand Weapons
 c - a +1 whip (weapon)
Armour
 a - a +0 robe (worn)
Jewellery
 i - an amulet of magic regeneration (around neck)
Potions
 b - a potion of heal wounds
 d - a potion of curing {unknown}
 f - a potion of lignification
 g - 2 potions of haste
 j - a potion of might {unknown}


   Skills:
 + Level 0.8 Maces & Flails
 + Level 2.6 Dodging
 - Level 2.0 Stealth
 + Level 2.4 Spellcasting
 + Level 2.4 Conjurations
 + Level 4.9 Air Magic


You couldn't memorise any spells.
You knew the following spells:

 Your Spells              Type           Power      Damage    Failure   Level
a - Shock                 Conj/Air       52%        1d6       4%          1
b - Static Discharge      Conj/Air       13%        N/A       7%          2
c - Swiftness             Air            17%        N/A       8%          3

Your spell library contained the following spells:

 Spells                   Type           Power      Damage    Failure   Level
 Airstrike                Air            8%         N/A       26%         4
 Confusing Touch          Hex            1%         N/A       52%         3
 Gell's Gravitas          Tloc           0%         N/A       52%         3
 Lightning Bolt           Conj/Air       6%         1d18      77%         5
 Petrify                  Tmut/Erth      1%         N/A       89%         4
 Metabolic Englaciation   Hex/Ice        0%         N/A       99%         5
 Yara's Violent Unravell  Hex/Tmut       0%         3d3       99%         5


Dungeon Overview and Level Annotations

Branches:
Dungeon (3/15)

Altars:

Annotations:
D:3 Grinder


Innate Abilities, Weirdness & Mutations

You have a beak for a mouth.
You have claws for feet.


Message History

Grinder is lightly wounded.
Grinder blinks!
Casting: Shock (safe; 4% risk of failure)
Confirm with . or Enter, or press ? or * to list all spells.
Aiming: Shock (safe; 4% risk of failure)
Press: ? - help, Shift-Dir - straight line, f/p - Grinder
Aim: Grinder (lightly wounded, 64% to hit)
The zap hits Grinder.
Grinder is lightly wounded.
Casting: Shock (safe; 4% risk of failure)
Confirm with . or Enter, or press ? or * to list all spells.
Aiming: Shock (safe; 4% risk of failure)
Press: ? - help, Shift-Dir - straight line, f/p - Grinder
Aim: Grinder (lightly wounded, 64% to hit)
The zap misses Grinder.
Grinder says, "I used to sell toenails on the black market."
Casting: Shock (safe; 4% risk of failure)
Confirm with . or Enter, or press ? or * to list all spells.
You miscast Static Discharge.
You are very lightly contaminated with residual magic.
Nothing appears to happen.
Grinder hits you!
You writhe in agony.
* * * LOW HITPOINT WARNING * * *
Unknown command.
Casting: Static Discharge (safe; 7% risk of failure)
Confirm with . or Enter, or press ? or * to list all spells.
You don't have enough magic to cast this spell.
Unknown command.
You feel much better. Grinder hits you.
Unknown command.
You closely miss Grinder. Your kick misses Grinder.
You peck Grinder, but do no damage.
Grinder is lightly wounded.
Grinder hits you.
You writhe in agony.
Casting: Static Discharge (safe; 7% risk of failure)
Confirm with . or Enter, or press ? or * to list all spells.
You miscast Static Discharge.
Nothing appears to happen.
Grinder gestures at you. Pain shoots through your body!
Ouch! That really hurt!
You die...

.# .## ..#
..# ###..
...
###.##.###.
#..@5......
#.......##.
#....#..#
#.##.# ..#
#. .# ...
## .. .. ..
. ...


You could see Grinder.

Vanquished Creatures
  2 worms (D:2)
  3 dart slugs
  6 ball pythons
  3 endoplasms (D:1)
  3 giant cockroaches (D:1)
  4 goblins (D:1)
  A hobgoblin (D:2)
  2 jackals (D:1)
  A quokka (D:2)
  4 bats
  4 frilled lizards (D:1)
  6 kobolds
  A rat (D:3)
40 creatures vanquished.

Notes
Turn   | Place    | Note
-------+----------+-------------------------------------------
     0 | D:1      | funkygono the Tengu Air Elementalist began the quest for
                  | the Orb.
     0 | D:1      | Reached XP level 1. HP: 10/10 MP: 4/4
   326 | D:1      | Reached XP level 2. HP: 15/15 MP: 3/6
   331 | D:1      | Learned a level 2 spell: Static Discharge
  1021 | D:1      | Reached XP level 3. HP: 19/19 MP: 4/7
  1059 | D:1      | Learned a level 3 spell: Swiftness
  2815 | D:3      | Noticed Grinder
  2825 | D:3      | Killed from afar by Grinder

Illustrated notes

Levels and vault maps discovered:
D:1:      elethiomel_arrival_quiet, layout_basic
D:2:      layout_basic
D:3:      layout_basic, zin_statuary, lemuel_coloured_pillars_altar,
          nicolae_overflow_crystal_walls, basic_ecumenical_altar, uniq_terence,
          uniq_grinder

Skill      XL: |  1  2  3 |
---------------+----------+-----
Conjurations   | 2 |  2.4
Maces & Flails | |  0.8
Dodging        | |  2.6
Stealth        | |  2.0
Spellcasting   | |  2.4
Air Magic      | |  4.9

Action                   || total
-------------------------++-------
Melee: Unarmed           ||     4
       Kick              ||     2
       Whip              ||     5
       Peck              ||     1
 Cast: Shock             ||    89
       Static Discharge  ||     3
  Use: Scroll            ||     9
       Potion            ||     1
Armor: Robe              ||     2
Dodge: Dodged            ||    20

Table legend: (Time is in decaauts)
 A = Elapsed time spent in this place.
 B = Non-inter-level travel time spent in this place.
 C = Inter-level travel time spent in this place.
 D = Time resting spent in this place.
 E = Time spent auto-exploring this place.
 F = Levels seen in this place.
 G = Mean time per level.
                   A        B        C        D        E       F      G
               +--------+--------+--------+--------+--------+-----+--------+
         Total |   2824 |   2736 |     88 |    139 |   2367 |   3 |  941.3 |
       Dungeon |   2824 |   2736 |     88 |    139 |   2367 |   3 |  941.3 |
               +--------+--------+--------+--------+--------+-----+--------+

Top non-repeatable levels by time:
     D:1: 1724 daAuts
     D:2: 1089 daAuts
     D:3: 9 daAuts
